 Dungeon Crawl Stone Soup version 0.29-a0-542-g075992c915 (webtiles) character file.

Game seed: 9006857011757878483

87862 flyleaff the Impregnable (level 15, -10/104 HPs)
             Began as a Gargoyle Monk on June 2, 2022.
             Was the Champion of Makhleb.
             Killed from afar by a shock serpent (36 damage)
             ... with a bolt of electricity
             ... on level 1 of the Snake Pit on June 4, 2022.
             The game lasted 01:19:49 (21670 turns).

flyleaff the Impregnable (Gargoyle Monk)           Turns: 21670, Time: 01:19:50

Health: -10/104    AC:  0    Str: 21    XL:     15   Next: 92%
Magic:  9/15       EV: 14    Int: 14    God:    Makhleb [******]
Gold:   1722       SH:  0    Dex: 14    Spells: 6/14 levels left

rFire   . . .      SeeInvis .   (weapon currently unavailable)
rCold   . . .      Faith    .   (shield currently unavailable)
rNeg    + . .      Spirit   .   (body armour currently unavailable)
rPois   ∞          Reflect  .   (helmet currently unavailable)
rElec   .          Harm     .   (cloak currently unavailable)
rCorr   .          Rampage  .   (gloves currently unavailable)
Will    +....                   (boots currently unavailable)
Stlth   +++.......              F - amulet of regeneration
HPRegen 1.07/turn               (ring currently unavailable)
MPRegen 0.14/turn               (ring currently unavailable)

@: pig-form, studying Ice Magic, very quick
A: fast, no casting, sickness immunity, AC +11, small, (big wings), negative
energy resistance 1, (electricity resistance), torment resistance 1,
petrification resistance, (horns 1), (talons 1), thin skeletal structure 1,
strong 1, MP-powered wands
a: Renounce Religion, Minor Destruction, Lesser Servant of Makhleb, Major
Destruction, Greater Servant of Makhleb


You were on level 1 of the Snake Pit.
You worshipped Makhleb.
Makhleb was exalted by your worship.
You were a filthy swine.
You visited 4 branches of the dungeon, and saw 20 of its levels.
You also visited: Ice Cave and Volcano.

You collected 2289 gold pieces.
You spent 567 gold pieces at shops.

Inventory:

Hand Weapons
 t - the +4 mace of the Gnashing Pariah (melded) {vamp, +Blink rC- rN+++ Str-3}
   (You found it on level 3 of the Lair of Beasts)

   It occasionally heals its wielder for a portion of the damage dealt when it
   wounds a living foe.
   Str:       It affects your strength (-3).
   rC:        It makes you vulnerable to cold.
   rN:        It renders you almost immune to negative energy.
   +Blink:    It lets you blink.
 P - a +5 dire flail of venom
Missiles
 k - 50 poisoned darts
 E - 6 silver boomerangs
Armour
 l - a +0 hat (melded)
 q - the +4 skin of Zhor (melded) {*Englaciate rC+++ SInv}
   (You found it in an ice cave)

   It radiates cold, occasionally slowing all nearby creatures who are not
   resistant to cold.
   rC:        It renders you almost immune to cold.
   SInv:      It lets you see invisible.
 v - a +2 pair of gloves of stealth (melded)
 y - a +1 pair of boots (melded)
 D - a scarf of invisibility (melded)
 M - a +0 troll leather armour
Jewellery
 s - a ring of protection from fire (melded)
 F - an amulet of regeneration (around neck)
 J - a +4 ring of evasion
 N - a +4 ring of evasion (melded)
 O - a ring of resist corrosion
Wands
 b - a wand of digging (2)
 c - a wand of mindburst (5)
 A - a wand of iceblast (20)
 H - a wand of charming (11)
 I - a wand of acid (11)
 Q - a wand of paralysis (14) (quivered)
Scrolls
 a - 9 scrolls of teleportation
 f - 3 scrolls of magic mapping
 g - a scroll of blinking
 i - 5 scrolls of fog
 j - 6 scrolls of identify
 o - 6 scrolls of poison
 Y - 3 scrolls of silence
Potions
 e - a potion of might
 n - 7 potions of berserk rage
 B - 6 potions of heal wounds
 K - 3 potions of haste
 T - 6 potions of curing
 Z - 14 potions of ambrosia
Miscellaneous
 d - a phial of floods
 h - a condenser vane
 V - a lightning rod (4/4)


   Skills:
 + Level 15.8 Fighting
 - Level 14.0 Maces & Flails
 * Level 21.2 Armour
 - Level 2.4 Dodging
 - Level 2.1 Stealth


You had 6 spell levels left.
You knew the following spells:

 Your Spells              Type           Power      Damage    Failure   Level
a - Poisonous Vapours     Pois/Air       0%         N/A       41%         2
b - Shock                 Conj/Air       0%         1d3       28%         1
c - Sandblast             Erth           0%         2d4       28%         1
d - Teleport Other        Tloc           0%         N/A       65%         3
e - Summon Small Mammal   Summ           0%         N/A       28%         1

Your spell library contained the following spells:

 Spells                   Type           Power      Damage    Failure   Level
 Call Canine Familiar     Summ           0%         N/A       65%         3
 Portal Projectile        Hex/Tloc       0%         N/A       65%         3
 Tukima's Dance           Hex            0%         N/A       65%         3
 Corpse Rot               Necr/Pois/Air  0%         N/A       96%         4
 Leda's Liquefaction      Hex/Erth       0%         N/A       96%         4
 Passage of Golubria      Tloc           0%         N/A       96%         4
 Petrify                  Tmut/Erth      0%         N/A       96%         4
 Summon Lightning Spire   Summ/Air       0%         N/A       96%         4
 Blade Hands              Tmut           0%         N/A       100%        5
 Irradiate                Conj/Tmut      0%         3d13      100%        5
 Silence                  Hex/Air        0%         N/A       100%        5
 Summon Hydra             Summ           0%         N/A       100%        7
 Borgnjor's Revivificati  Necr           0%         N/A       100%        8
 Lehudib's Crystal Spear  Conj/Erth      0%         10d2      100%        8
 Necromutation            Tmut/Necr      0%         N/A       100%        8
 Death's Door             Necr           0%         N/A       100%        9
 Sublimation of Blood     Necr           Unusable   N/A       N/A         2

Dungeon Overview and Level Annotations

Branches:
Dungeon (12/15)            Temple (1/1) D:7            Lair (6/6) D:11
 Shoals (0/4) Lair:4        Snake (1/4) Lair:4        Slime (0/5) Lair:5
    Orc (0/2) D:9           IceCv (visited)         Volcano (visited)

Altars:
Ashenzari
Cheibriados
Dithmenos
Elyvilon
Fedhas
Gozag
Hepliaklqana
Kikubaaqudgha
Makhleb
Nemelex Xobeh
Okawaru
Qazlal
Ru
Sif Muna
Trog
Uskayaw
Vehumet
Wu Jian
Xom
Yredelemnul
Zin
The Shining One
Jiyva

Shops:
D:4 *!*(!   D:8 *   D:9 (

Portals:
Hell: Lair:6

Annotations:
Snake:1 Kirke


Innate Abilities, Weirdness & Mutations

You are a filthy swine.
You move quickly.
Your equipment is almost entirely melded.
You are incapable of wielding weapons or throwing items.
You cannot cast spells.
You are immune to sickness and miasma.
((Your stone body is resilient. (AC +11)))
You are immune to poison.
((Your large and strong wings let you fly.))
You resist negative energy. (rN+)
((You are resistant to electric shocks. (rElec)))
You are resistant to unholy torment.
You are immune to petrification.
((You have a pair of small horns on your head.))
((You have sharp toenails.))
You have a somewhat thin skeletal structure. (Dex +2, Stealth+)
Your muscles are strong. (Str +2)
You expend magic power (3 MP) to strengthen your wands.


Message History

Your black mamba closely misses the black mamba.
The shock serpent bites you but does no damage.
The manticore misses your black mamba.
The manticore barely misses your black mamba.
The manticore claws your black mamba. The anaconda misses you.
The anaconda constricts you.
The naga mage hits your black mamba with a +0 flail!
Your black mamba dies!
The hog bites you but does no damage. Kirke gestures at you while chanting.
You turn into a filthy swine.
The +4 mace of the Gnashing Pariah {vamp, +Blink rC- rN+++ Str-3} melds into your body.
Your scarf of invisibility melds into your body.
Your +0 hat melds into your body.
Your +2 pair of gloves of stealth melds into your body.
Your +1 pair of boots melds into your body.
The +4 skin of Zhor {*Englaciate rC+++ SInv} melds into your body.
Your +4 ring of evasion melds into your body.
Your ring of protection from fire melds into your body.
You feel the dreadful sensation subside.
You feel less stealthy. The shock serpent barely misses you.
The anaconda's grasp on you weakens, but your attempt to escape fails.
The anaconda misses you. The anaconda constricts you.
The black mamba closely misses you. The hog bites you.
The shock serpent bites you! The shock serpent shocks you!
The anaconda bites you! The anaconda constricts you.
The black mamba misses you. Kirke casts a spell at you.
You struggle to resist.
Unknown command.
Unknown command.
Blink to where?
Press: ? - help, Dir - move target You escape the anaconda's grasp.
As you read the scroll of blinking, it crumbles to dust.
The shock serpent shoots out a bolt of lightning at you!
The bolt of electricity hits you!!
* * * LOW HITPOINT WARNING * * *
The bolt of electricity hits you!!!
You die...

..# .# #.# .#
#.##.###
#......#
#......#.
#N.......
######........
#....SS@..#
#.h.S.hH..#
#...........#
#..........#.?
#.........## #
#........?#
#.........#
#.........#
#...####...
##### #..


You could see Kirke, an anaconda, a shock serpent, a manticore (summoned), a
black mamba and a hog.

Vanquished Creatures
  A frost giant (IceCv)
  A dire elephant (Lair:6)
  Fannar (Lair:3)
  9 hydras
  A catoblepas (Lair:3)
  2 centaur warriors
  2 boulder beetles
  3 two-headed ogres
  8 death yaks
  Nergalle (D:11)
  A sixfirhy (Lair:6)
  The ghost of bchevrier the Covered, a novice MiFi (D:8)
  The ghost of quinnr the Convoker, a novice TeSu of Vehumet (D:8)
  The ghost of Selrock the Fighter, a novice GrFi of the Shining One (D:8)
  A deep elf archer (Volcano)
  A lindwurm (Lair:3)
  8 deep elf pyromancers (Volcano)
  5 oklob plants
  3 cyclopes
  A manticore (D:11)
  8 black mambas
  Joseph (D:8)
  10 elephants
  An ice statue (IceCv)
  23 cane toads
  A torpor snail (Lair:5)
  2 gargoyles (D:12)
  2 unseen horrors
  4 yaktaurs (D:12)
  16 rime drakes
  Maggie (D:8)
  19 komodo dragons
  4 ice devils
  A queen bee (D:11)
  3 red devils (Lair:6)
  A hellwing (Lair:6)
  7 polar bears
  5 trolls
  4 slime creatures (D:12)
  21 blink frogs
  8 dream sheep
  67 yaks
  2 fire elementals (Volcano)
  4 basilisks
  4 wyverns
  Grum (D:8)
  2 hogs (Snake:1)
  2 steam dragons (D:7)
  4 nagas (Lair:4)
  An acid dragon (D:10)
  12 water moccasins
  Duvessa (D:4)
  10 hell hounds
  7 orc warriors
  2 ice beasts
  A sky beast (D:6)
  An ogre (D:9)
  A black bear (D:7)
  28 wolves
  7 centaurs
  2 phantoms
  7 kobold brigands
  17 bullfrogs
  3 scorpions
  2 necrophages
  8 gnoll sergeants
  12 wights
  Dowan (D:4)
  40 killer bees
  7 howler monkeys
  2 electric eels
  4 hounds
  A jelly (D:6)
  13 orc priests
  3 iguanas
  Ijyb (D:5)
  Natasha (twice) (D:3)
  13 orc wizards
  Robin (D:3)
  9 adders
  20 gnolls
  2 shadow imps
  3 worms
  2 dart slugs (D:2)
  57 orcs
  9 ball pythons
  2 bats
  9 endoplasms
  2 giant cockroaches
  9 hobgoblins
  2 jackals (D:2)
  18 kobolds
  2 quokkas
  6 frilled lizards
  16 goblins
  8 rats
666 creatures vanquished.

Vanquished Creatures (others)
  An angel (D:3)
  A wizard (Lair:6)
  A black mamba (Snake:1)
  38 fungi
  89 plants
130 creatures vanquished.

Grand Total: 796 creatures vanquished

Notes
Turn   | Place    | Note
-------+----------+-------------------------------------------
     0 | D:1      | flyleaff the Gargoyle Monk began the quest for the Orb.
     0 | D:1      | Reached XP level 1. HP: 14/14 MP: 1/1
   194 | D:1      | Reached skill level 1 in Armour
   194 | D:1      | Reached XP level 2. HP: 12/19 MP: 2/2
  1198 | D:2      | Found a burning altar of Makhleb.
  1213 | D:2      | Reached XP level 3. HP: 18/23 MP: 3/3
  1220 | D:2      | Reached skill level 2 in Armour
  1490 | D:2      | Identified the amulet "Ciuwawno" {RegenMP Regen+ MP+9 Str-5
                  | Int+4}
  2246 | D:2      | Became a worshipper of Makhleb the Destroyer
  2246 | D:2      | Reached * piety under Makhleb
  2246 | D:2      | Reached ** piety under Makhleb
  2371 | D:3      | Noticed an angel
  2372 | D:3      | Found a shimmering altar of Xom.
  2377 | D:3      | Found a glowing silver altar of Zin.
  2385 | D:3      | Noticed Robin
  2410 | D:3      | Reached XP level 4. HP: 23/29 MP: 4/4
  2431 | D:3      | Killed Robin
  2836 | D:3      | Learned a level 2 spell: Poisonous Vapours
  2915 | D:3      | Reached skill level 3 in Armour
  2949 | D:3      | Reached XP level 5. HP: 29/33 MP: 5/5
  2997 | D:3      | Killed an angel
  3343 | D:3      | Reached skill level 4 in Armour
  3457 | D:3      | Noticed Natasha
  3464 | D:3      | Killed Natasha
  3465 | D:3      | Reached XP level 6. HP: 39/39 MP: 6/6
  3538 | D:3      | Noticed Natasha
  3544 | D:3      | Killed Natasha
  3638 | D:4      | Found Fion's General Store.
  3723 | D:4      | Reached skill level 5 in Armour
  3729 | D:4      | Reached *** piety under Makhleb
  3730 | D:4      | Reached skill level 5 in Fighting
  3787 | D:4      | Noticed Duvessa
  3787 | D:4      | Noticed Dowan
  3813 | D:4      | Killed Duvessa
  3814 | D:4      | Reached XP level 7. HP: 36/44 MP: 7/7
  3820 | D:4      | Killed Dowan
  3985 | D:4      | Bought 2 potions of brilliance for 96 gold pieces
  3985 | D:4      | Bought a scroll of teleportation for 36 gold pieces
  3985 | D:4      | Bought a scroll of identify for 24 gold pieces
  3992 | D:4      | Found Xuul's General Store.
  4261 | D:4      | Found Soahy's Antique Weapon Emporium.
  4272 | D:4      | Reached skill level 5 in Maces & Flails
  4272 | D:4      | Reached skill level 6 in Armour
  4290 | D:4      | Found Oxeolet's Distillery.
  4299 | D:4      | Bought a potion of degeneration for 11 gold pieces
  4597 | D:4      | Found Minuc's Distillery.
  4773 | D:4      | Found a shimmering blue altar of Sif Muna.
  4817 | D:4      | Got Sif Muna's Disquisition on Earth
  4820 | D:4      | Got Sif Muna's Almanac of Conjuration
  4828 | D:4      | Learned a level 1 spell: Shock
  4830 | D:4      | Learned a level 1 spell: Sandblast
  4858 | D:5      | Entered Level 5 of the Dungeon
  4868 | D:5      | Reached XP level 8. HP: 51/51 MP: 8/8
  4898 | D:5      | Noticed Ijyb
  4920 | D:5      | Killed Ijyb
  5085 | D:5      | Reached skill level 7 in Armour
  5282 | D:5      | Reached **** piety under Makhleb
  5467 | D:5      | Reached skill level 8 in Armour
  6120 | D:6      | Reached XP level 9. HP: 56/56 MP: 9/9
  6304 | D:6      | Reached skill level 9 in Armour
  7134 | D:7      | Reached skill level 10 in Armour
  7263 | D:7      | Found a staircase to the Ecumenical Temple.
  7332 | Temple   | Entered the Ecumenical Temple
  7843 | D:7      | Reached XP level 10. HP: 64/64 MP: 10/10
  7926 | D:7      | Reached skill level 11 in Armour
  8167 | D:8      | Noticed Joseph
  8172 | D:8      | Gained mutation: You are dopey. (Int -2) [potion of
                  | mutation]
  8172 | D:8      | Gained mutation: You have supernaturally acute eyesight.
                  | (SInv) [potion of mutation]
  8173 | D:8      | Lost mutation: You have supernaturally acute eyesight.
                  | (SInv) [potion of mutation]
  8173 | D:8      | Lost mutation: You are dopey. (Int -2) [potion of mutation]
  8173 | D:8      | Gained mutation: You are dopey. (Int -2) [potion of
                  | mutation]
  8173 | D:8      | Gained mutation: You expend magic power (3 MP) to
                  | strengthen your wands. [potion of mutation]
  8173 | D:8      | Gained mutation: You are weak. (Str -2) [potion of
                  | mutation]
  8173 | D:8      | Gained mutation: You are robust. (+10% HP) [potion of
                  | mutation]
  8239 | D:4      | Bought a potion of mutation for 88 gold pieces
  8239 | D:4      | Bought a potion of mutation for 88 gold pieces
  8239 | D:4      | Lost mutation: You are dopey. (Int -2) [potion of mutation]
  8239 | D:4      | Lost mutation: You are robust. (+10% HP) [potion of
                  | mutation]
  8239 | D:4      | Lost mutation: You are weak. (Str -2) [potion of mutation]
  8239 | D:4      | Gained mutation: You passively dampen the noise of your
                  | surroundings. [potion of mutation]
  8239 | D:4      | Gained mutation: Your muscles are strong. (Str +2) [potion
                  | of mutation]
  8239 | D:4      | Gained mutation: You are partially covered in iridescent
                  | scales. (AC +2) [potion of mutation]
  8434 | D:8      | Killed Joseph
  8555 | D:8      | Found a runed translucent gate.
  8555 | D:8      | Found a runed translucent gate.
  8559 | D:8      | Found a runed translucent gate.
  8614 | D:8      | Noticed Maggie
  8626 | D:8      | Killed Maggie
  8712 | D:8      | Reached ***** piety under Makhleb
  8766 | D:8      | Found Cererghir's General Store.
  8831 | D:8      | Noticed Grum
  8845 | D:8      | Killed Grum
  9043 | D:8      | Noticed bchevrier's ghost (novice MiFi)
  9043 | D:8      | Noticed Selrock's ghost (novice GrFi)
  9044 | D:8      | Noticed quinnr's ghost (novice TeSu)
  9182 | D:8      | Killed quinnr's ghost
  9183 | D:8      | Reached skill level 12 in Armour
  9193 | D:8      | Killed bchevrier's ghost
  9202 | D:8      | Killed Selrock's ghost
  9203 | D:8      | Reached XP level 11. HP: 53/72 MP: 11/11
  9435 | D:9      | Noticed a six-headed hydra
  9454 | D:9      | Killed a six-headed hydra
  9455 | D:9      | Reached skill level 10 in Fighting
  9455 | D:9      | Reached skill level 13 in Armour
  9468 | D:9      | Noticed a centaur warrior
  9487 | D:9      | Killed a centaur warrior
  9811 | D:9      | Noticed a two-headed ogre
  9825 | D:9      | Killed a two-headed ogre
  9977 | D:9      | Found Gysm's Antique Weapon Emporium.
  9986 | D:9      | Bought a runed dire flail for 224 gold pieces
 10302 | D:9      | Found a staircase to the Orcish Mines.
 10309 | D:9      | Reached skill level 14 in Armour
 10563 | D:10     | Entered Level 10 of the Dungeon
 10689 | D:10     | Got the Volume of Warped Companions
 10728 | D:10     | Learned a level 3 spell: Teleport Other
 10730 | D:10     | Learned a level 1 spell: Summon Small Mammal
 10794 | D:10     | Reached ****** piety under Makhleb
 10815 | D:10     | Noticed a cyclops
 10823 | D:10     | Killed a cyclops
 10824 | D:10     | Reached skill level 10 in Maces & Flails
 10824 | D:10     | Reached XP level 12. HP: 64/80 MP: 12/12
 10844 | D:10     | Identified the ring "Jaufemp" {Fire rPois Dex+3}
 11279 | D:10     | Noticed a two-headed ogre
 11287 | D:10     | Killed a two-headed ogre
 11545 | D:11     | Noticed a two-headed ogre
 11556 | D:11     | Killed a two-headed ogre
 11574 | D:11     | Noticed a boulder beetle
 11588 | D:11     | Killed a boulder beetle
 11642 | D:11     | Reached skill level 15 in Armour
 11656 | D:11     | Identified a scroll of acquirement
 11656 | D:11     | Acquired 711 gold pieces
 11904 | D:11     | Noticed Nergalle
 11949 | D:11     | Killed Nergalle
 12150 | D:11     | Noticed a centaur warrior
 12164 | D:11     | Killed a centaur warrior
 12165 | D:11     | Reached skill level 16 in Armour
 12188 | D:11     | Found a staircase to the Lair.
 12425 | D:12     | Reached XP level 13. HP: 59/86 MP: 13/13
 12871 | Lair:1   | Entered Level 1 of the Lair of Beasts
 13019 | Lair:1   | You fall into a shaft and drop 1 floor!
 13101 | Lair:2   | Found a dark tunnel.
 13109 | Volcano  | Entered a volcano
 13168 | Volcano  | Reached skill level 17 in Armour
 14186 | Lair:2   | Reached skill level 18 in Armour
 14206 | Lair:2   | Gained mutation: Your large and strong wings let you fly.
                  | [Gargoyle growth]
 14206 | Lair:2   | Reached XP level 14. HP: 59/94 MP: 14/14
 15130 | Lair:3   | Noticed Fannar
 15153 | Lair:3   | Killed Fannar
 15676 | Lair:3   | Identified the +4 mace of the Gnashing Pariah {vamp, +Blink
                  | rC- rN+++ Str-3}
 16026 | Lair:3   | Reached skill level 19 in Armour
 16317 | Lair:4   | Found a staircase to the Snake Pit.
 17021 | Lair:4   | Noticed a cacodemon
 17040 | Lair:4   | Gained mutation: You are frail. (-10% HP) [a cacodemon]
 17052 | Lair:4   | Gained mutation: You are clumsy. (Dex -2) [a cacodemon]
 17062 | Lair:4   | Gained mutation: Armour fits poorly on your strangely
                  | shaped body. [a cacodemon]
 17071 | Lair:4   | Found a staircase to the Shoals.
 17731 | Lair:5   | Found a frozen archway.
 17753 | IceCv    | Entered an ice cave
 17823 | IceCv    | Reached XP level 15. HP: 65/90 MP: 15/15
 17937 | IceCv    | Noticed a frost giant
 17983 | IceCv    | Killed a frost giant
 18046 | IceCv    | Reached skill level 20 in Armour
 18121 | IceCv    | Reached skill level 15 in Fighting
 18228 | IceCv    | Found the +4 skin of Zhor {*Englaciate rC+++ SInv}
 19022 | Lair:5   | Found a viscous altar of Jiyva.
 19023 | Lair:5   | Found a staircase to the Slime Pits.
 19197 | Lair:6   | Entered Level 6 of the Lair of Beasts
 19489 | Lair:6   | Identified the +7 hunting sling "Luvvofat" {vorpal, *Slow
                  | rC+++ rCorr Int-3}
 20170 | Lair:6   | Reached skill level 21 in Armour
 20232 | Lair:6   | Found a radiant altar of Vehumet.
 20788 | Lair:6   | Found a burning altar of Makhleb.
 20990 | Lair:6   | Found a gateway to Hell.
 21161 | Lair:1   | Lost mutation: You are partially covered in iridescent
                  | scales. (AC +2) [potion of mutation]
 21161 | Lair:1   | Lost mutation: You are clumsy. (Dex -2) [potion of
                  | mutation]
 21161 | Lair:1   | Gained mutation: Your muscles are very strong. (Str +4)
                  | [potion of mutation]
 21161 | Lair:1   | Gained mutation: You have sharp toenails. [potion of
                  | mutation]
 21162 | Lair:1   | Lost mutation: You passively dampen the noise of your
                  | surroundings. [potion of mutation]
 21162 | Lair:1   | Lost mutation: You expend magic power (3 MP) to strengthen
                  | your wands. [potion of mutation]
 21162 | Lair:1   | Lost mutation: You are frail. (-10% HP) [potion of
                  | mutation]
 21162 | Lair:1   | Gained mutation: You are partially covered in iridescent
                  | scales. (AC +2) [potion of mutation]
 21162 | Lair:1   | Gained mutation: You have a pair of small horns on your
                  | head. [potion of mutation]
 21162 | Lair:1   | Lost mutation: Your muscles are very strong. (Str +4)
                  | [potion of mutation]
 21163 | Lair:1   | Lost mutation: Armour fits poorly on your strangely shaped
                  | body. [potion of mutation]
 21163 | Lair:1   | Lost mutation: You are partially covered in iridescent
                  | scales. (AC +2) [potion of mutation]
 21163 | Lair:1   | Gained mutation: You expend magic power (3 MP) to
                  | strengthen your wands. [potion of mutation]
 21163 | Lair:1   | Gained mutation: You have a somewhat thin skeletal
                  | structure. (Dex +2, Stealth+) [potion of mutation]
 21169 | Lair:1   | Upgraded the game from 0.29-a0-541-gaf1fc19f1b to
                  | 0.29-a0-542-g075992c915
 21651 | Snake:1  | Entered Level 1 of the Snake Pit
 21654 | Snake:1  | Noticed Kirke
 21670 | Snake:1  | Killed from afar by a shock serpent

Illustrated notes

Levels and vault maps discovered:
D:1:      lightli_arrival_statue_moat, layout_basic
D:2:      minmay_chambers_of_twos, layout_basic, minmay_hexomino_r4
D:3:      layout_basic, grunt_temple_overflow_order_and_chaos_1,
          hangedman_decor_growths, minmay_diced_spiral, uniq_robin, uniq_natasha
D:4:      layout_basic, nicolae_sif_muna_little_library, serial_shops,
          nicolae_shop_crystal, nicolae_stop_n_shop_1, kennysheep_mini, shop,
          nicolae_stop_n_shop_2, grunt_ministairs_1, uniq_duvessa
D:5:      layout_loops_ring, uniq_ijyb
D:6:      layout_loops_ring, hangedman_abyss_or_decor_stagger,
          grunt_ministairs_4
D:7:      minmay_chambers_of_fours, layout_loops_corners,
          minmay_temple_entry_sparse_star, nicolae_sextant
D:8:      layout_loops_ring, serial_shops, nicolae_diamond_shop,
          gammafunk_ghost_cemetery, uniq_joseph, uniq_grum, uniq_maggie
D:9:      layout_basic, kennysheep_orc_monster_closet_entryway, serial_shops,
          nicolae_lakefront_shop, grunt_potential
D:10:     layout_small_grid
D:11:     layout_roguey [special_room_bee], david_lair_shrubbed, uniq_nergalle
D:12:     nicolae_cairo_tiling, layout_cave_pools
Temple:   mainiacjoe_temple_bowtie_tessellation
Lair:1:   layout_misc_corridors, infiniplex_staircase_pool_2
Lair:2:   layout_loops_ring, enter_volcano_2, lemuel_fruit_fields,
          grunt_megastairs_1, infiniplex_staircase_pool
Lair:3:   minmay_lair_oklob_tunnel, layout_long_grid, nzn_random_ring,
          grunt_megastairs_3, uniq_fannar
Lair:4:   layout_small_grid, shoals_dummy_entry,
          minmay_snake_entry_guardpost_small, beast_lair_carwin_6,
          lemuel_fruit_fields
Lair:5:   layout_hall_layers, slime_altar_1, portal_ice_cave_demonic_guard,
          nicolae_quartered_pool_medium, grunt_megastairs_5,
          serial_bayou_shore_b
Lair:6:   evil_forest, layout_cave_pods, columned_hall_lemuel,
          lemuel_oklob_altar
Snake:1:  layout_rooms, serial_curves, eino_curves_02, eino_curves_02,
          nicolae_snake_linked_coils, nicolae_snake_omega, uniq_kirke

Skill      XL: |  1  2  3  4  5  6  7  8  9 10 11 12 13 14 15 |
---------------+----------------------------------------------+-----
Armour         | 1 2 3 4 5 6 8 10 12 14 16 18 19 21 | 21.2
Fighting       | 4 5 6 8 9 11 12 13 14 15 | 15.8
Maces & Flails | 4 5 6 7 8 10 11 12 13 14 | 14.0
Dodging        | |  2.4
Stealth        | |  2.1

Action                   |  1- 3 |  4- 6 |  7- 9 | 10-12 | 13-15 || total
-------------------------+-------+-------+-------+-------+-------++-------
Melee: Mace              |   114 |   124 |       |       |  1182 ||  1420
       Punch             |     3 |       |       |       |    32 ||    35
       Flail             |       |    98 |   304 |   334 |       ||   736
       Unarmed           |       |    11 |       |       |       ||    11
       Dire flail        |       |       |       |   421 |   967 ||  1388
       War axe           |       |       |       |    20 |       ||    20
       Headbutt          |       |       |       |       |     6 ||     6
Throw: Dart              |       |       |       |     6 |       ||     6
Invok: Greater Servant o |       |       |       |       |     1 ||     1
Evoke: Wand              |       |       |     2 |    19 |    11 ||    32
  Use: Scroll            |     4 |     3 |     5 |    15 |     7 ||    34
       Potion            |       |     1 |     3 |     7 |     6 ||    17
 Stab: Sleeping          |     7 |     1 |     4 |     8 |    16 ||    36
       Distracted        |       |       |     1 |       |     3 ||     4
       Paralysed         |       |       |       |    12 |     4 ||    16
Armor: Robe              |    47 |       |       |       |       ||    47
       Ring mail         |    11 |   139 |   183 |    27 |       ||   360
       Skin              |       |     6 |       |       |       ||     6
       Acid dragon scale |       |       |       |   305 |       ||   305
       Troll leather arm |       |       |       |   168 |   685 ||   853
       Animal skin       |       |       |       |       |   289 ||   289
Dodge: Dodged            |    92 |   164 |   209 |   801 |  1626 ||  2892

Table legend: (Time is in decaauts)
 A = Elapsed time spent in this place.
 B = Non-inter-level travel time spent in this place.
 C = Inter-level travel time spent in this place.
 D = Time resting spent in this place.
 E = Time spent auto-exploring this place.
 F = Levels seen in this place.
 G = Mean time per level.
                   A        B        C        D        E       F      G
               +--------+--------+--------+--------+--------+-----+--------+
         Total |  21343 |  19052 |   2291 |    443 |  12738 |  22 |  970.1 |
       Dungeon |  13342 |  12144 |   1198 |    336 |   8468 |  12 | 1111.8 |
        Temple |    245 |    215 |     30 |      0 |    204 |   1 |  245.0 |
          Lair |   7000 |   5938 |   1062 |    107 |   3758 |   6 | 1166.7 |
     Snake Pit |     15 |     15 |      0 |      0 |      0 |   1 |   15.0 |
      Ice Cave |    493 |    493 |      0 |      0 |    230 |   1 |  493.0 |
       Volcano |    244 |    244 |      0 |      0 |     78 |   1 |  244.0 |
               +--------+--------+--------+--------+--------+-----+--------+

Top non-repeatable levels by time:
  Lair:6: 1667 daAuts
     D:2: 1397 daAuts
     D:7: 1394 daAuts
     D:3: 1379 daAuts
  Lair:3: 1376 daAuts
     D:4: 1347 daAuts
  Lair:4: 1301 daAuts
     D:9: 1297 daAuts
     D:5: 1105 daAuts
     D:8: 1074 daAuts
    D:10: 1010 daAuts
  Lair:2: 984 daAuts
     D:1: 977 daAuts
     D:6: 968 daAuts
    D:11: 948 daAuts
